 Dungeon Crawl Stone Soup version 0.31-a0-507-gbafd7f5274 (webtiles) character file.

Game seed: 3702536522001899386

427874 GloriousHammer the Acrobat (level 25, -4/184 HPs)
             Began as a Kobold Enchanter on Aug 8, 2023.
             Was the Champion of Dithmenos.
             Killed from afar by a deep elf annihilator (47 damage)
             ... with a crystal spear
             ... on level 3 of the Elven Halls on Aug 9, 2023.
             The game lasted 03:27:12 (61497 turns).

GloriousHammer the Acrobat (Kobold Enchanter)      Turns: 61497, Time: 03:27:13

Health: -4/184     AC: 22    Str:  5    XL:     25   Next: 1%
Magic:  18/40      EV: 33    Int: 21    God:    Dithmenos [******]
Gold:   586        SH: 17    Dex: 23    Spells: 4/50 levels left

rFire   . . .        b - +8 quick blade (freeze)
rCold   + + +        w - +3 kite shield {rN+}
rNeg    + . .        Z - +4 skin of Zhor {*Englaciate rC+++ SInv}
rPois   +            y - +2 helmet
rElec   .            f - +2 cloak {rPois}
rCorr   .            p - +0 pair of gloves
SInv    +            H - +2 pair of boots {Fly}
Will    ++...        r - amulet of regeneration Stlth ******++++
                     T - +4 ring of protection
HPRegen 1.30/turn    W - ring of willpower
MPRegen 0.27/turn

%: no passive effects
@: confusing by touch, about to teleport, flying, wreathed by umbra
A: small, no large weapons, nightstalker 3, iridescent scales 1, robust 1, noise
suppression
}: 2/15 runes: decaying, serpentine
a: Renounce Religion, Shadow Step, Shadow Form


You were on level 3 of the Elven Halls.
You worshipped Dithmenos.
Dithmenos was exalted by your worship.
You visited 8 branches of the dungeon, and saw 40 of its levels.
You visited the Abyss 2 times.
You visited 1 bazaar.
You also visited: Ossuary, Volcano and Desolation.

You collected 5695 gold pieces.
You spent 5109 gold pieces at shops.

Inventory:

Hand Weapons
 b - a +8 quick blade of freezing (weapon)
Missiles
 h - 6 datura-tipped darts
 n - 8 darts of dispersal
 u - 9 atropa-tipped darts
 O - 6 curare-tipped darts
 R - 35 poisoned darts
Armour
 f - a +2 cloak of poison resistance (worn)
 p - a +0 pair of gloves (worn)
 w - a +3 kite shield of positive energy (worn)
 y - a +2 helmet (worn)
 H - a +2 pair of boots of flying (worn)
 Z - the +4 skin of Zhor (worn) {*Englaciate rC+++ SInv}
   (You found it on level 3 of the Snake Pit)

   *Englaciate: It radiates cold, occasionally slowing all nearby creatures who
   are not resistant to cold.
   rC+++:     It renders you almost immune to cold.
   SInv:      It lets you see invisible.
Jewellery
 o - the ring "Eblocs" {rCorr Int+4}
   (You found it in the Desolation of Salt)

   [ring of resist corrosion]

   Int+4:     It affects your intelligence (+4).
   rCorr:     It protects you from acid and corrosion.
 r - an amulet of regeneration (around neck)
 v - a ring of see invisible
 D - a +6 ring of dexterity
 J - the ring of Zaten {rElec rF+ MP+9 Dex+2 Slay-2}
   (You found it in the Desolation of Salt)

   [ring of magical power]

   Dex+2:     It affects your dexterity (+2).
   Slay-2:    It affects your accuracy & damage with ranged weapons and melee
   (-2).
   rF+:       It protects you from fire.
   rElec:     It insulates you from electricity.
   MP+9:      It affects your magic capacity (+9).
 T - a +4 ring of protection (left hand)
 W - a ring of willpower (right hand)
Wands
 c - a wand of quicksilver (46)
 q - a wand of charming (70)
 s - a wand of polymorph (16)
 I - a wand of digging (1)
 L - a wand of mindburst (8)
 S - a wand of iceblast (43)
Scrolls
 a - a scroll of brand weapon
 d - 16 scrolls of teleportation
 i - 6 scrolls of poison
 m - 3 scrolls of summoning
 t - 6 scrolls of immolation
 x - 7 scrolls of fog
 A - 6 scrolls of fear
 E - 6 scrolls of blinking
 F - 5 scrolls of vulnerability
 Q - a scroll of revelation
 X - 3 scrolls of silence
Potions
 e - 4 potions of ambrosia
 j - 14 potions of curing
 k - 4 potions of enlightenment
 z - 4 potions of heal wounds
 B - 5 potions of invisibility
 C - 4 potions of berserk rage
 G - 4 potions of cancellation
 K - 6 potions of might
 M - 5 potions of attraction
 N - 5 potions of resistance
 P - 9 potions of haste
 U - 3 potions of brilliance
Miscellaneous
 g - a box of beasts (inert)
 l - a condenser vane
 V - a phial of floods
 Y - a phantom mirror


   Skills:
 - Level 20.1 Fighting
 - Level 14.0 Short Blades
 - Level 6.0 Throwing
 + Level 22.3 Dodging
 - Level 18.0 Stealth
 - Level 11.1 Shields
 + Level 13.3 Spellcasting
 - Level 3.0 Conjurations
 * Level 16.1 Hexes
 - Level 5.0 Translocations
 - Level 4.0 Transmutations
 - Level 2.0 Ice Magic
 - Level 5.0 Air Magic
 - Level 5.0 Earth Magic
 - Level 12.5 Invocations
 - Level 14.0 Evocations


You had 4 spell levels left.
You knew the following spells:

 Your Spells              Type           Power      Damage    Failure   Level
a - Confusing Touch       Hex            69%        N/A       1%          3
b - Tukima's Dance        Hex            69%        N/A       1%          3
c - Discord               Hex            34%        N/A       88%         8
e - Leda's Liquefaction   Hex/Erth       27%        N/A       2%          4
f - Swiftness             Air            35%        N/A       8%          3
g - Cause Fear            Hex            34%        N/A       1%          4
h - Passwall              Tmut/Erth      26%        N/A       4%          2
i - Blink                 Tloc           70%        N/A       4%          2
j - Enfeeble              Hex            34%        N/A       24%         7
k - Apportation           Tloc           70%        N/A       2%          1
l - Yara's Violent Unrav  Hex/Tmut       27%        3d12      10%         5
m - Passage of Golubria   Tloc           35%        N/A       26%         4

Your spell library contained the following spells:

 Spells                   Type           Power      Damage    Failure   Level
 Ensorcelled Hibernation  Hex/Ice        100%       N/A       1%          2
 Dazzling Flash           Conj/Hex       100%       N/A       1%          3
 Portal Projectile        Hex/Tloc       100%       N/A       1%          3
 Inner Flame              Hex/Fire       47%        N/A       2%          3
 Summon Guardian Golem    Hex/Summ       47%        N/A       2%          3
 Fulminant Prism          Conj/Hex       26%        3d14      4%          4
 Static Discharge         Conj/Air       60%        2-5/arc   6%          2
 Wereblood                Tmut           30%        N/A       6%          2
 Anguish                  Hex/Necr       23%        N/A       8%          4
 Freeze                   Ice            88%        1d9       9%          1
 Poisonous Vapours        Pois/Air       48%        N/A       11%         2
 Stone Arrow              Conj/Erth      60%        3d10      12%         3
 Cigotuvi's Dreadful Rot  Necr/Pois/Air  42%        N/A       16%         2
 Summon Small Mammal      Summ           56%        N/A       21%         1
 Mephitic Cloud           Conj/Pois/Air  25%        N/A       21%         3
 Hailstorm                Conj/Ice       24%        3d7       22%         3
 Volatile Blastmotes      Fire/Tloc      48%        2d14      22%         3
 Frozen Ramparts          Ice            44%        1d7       26%         3
 Ozocubu's Armour         Ice            22%        N/A       26%         3
 Airstrike                Air            17%        2d(3-19)  26%         4
 Manifold Assault         Tloc           35%        N/A       26%         4
 Ignite Poison            Fire/Tmut/Pois 19%        N/A       34%         3
 Iskenderun's Mystic Bla  Conj/Tloc      30%        2d8       36%         4
 Call Canine Familiar     Summ           14%        N/A       52%         3
 Animate Armour           Summ/Erth      48%        N/A       58%         4
 Summon Lightning Spire   Summ/Air       24%        N/A       58%         4
 Flame Wave               Conj/Fire      20%        2d7       73%         4
 Sticky Flame             Conj/Fire      20%        2d4       73%         4
 Summon Ice Beast         Ice/Summ       18%        N/A       80%         4
 Olgreb's Toxic Radiance  Pois           14%        N/A       90%         4
 Silence                  Hex/Air        27%        N/A       8%          5
 Summon Mana Viper        Hex/Summ       47%        N/A       22%         5
 Irradiate                Conj/Tmut      14%        3d16      80%         5
 Freezing Cloud           Conj/Ice/Air   14%        6-21      82%         5
 Borgnjor's Vile Clutch   Necr/Erth      12%        N/A       90%         5
 Alistair's Intoxication  Tmut/Pois      14%        N/A       94%         5
 Agony                    Necr           14%        N/A       99%         5
 Eringya's Noxious Bog    Tmut/Pois      11%        4d6       100%        6
 Simulacrum               Ice/Necr       9%         N/A       100%        6
 Malign Gateway           Summ/Tloc      12%        N/A       100%        7
 Ozocubu's Refrigeration  Ice            11%        4d9       100%        7
 Ignition                 Fire           7%         3d4       100%        8
 Lehudib's Crystal Spear  Conj/Erth      15%        10d5      100%        8
 Summon Horrible Things   Summ           7%         N/A       100%        8


Dungeon Overview and Level Annotations

Branches:
Dungeon (15/15)            Temple (0/1) D:7            Lair (5/5) D:8
  Swamp (4/4) Lair:2        Snake (4/4) Lair:3        Slime (0/5) Lair:5
    Orc (2/2) D:12            Elf (3/3) Orc:2        Vaults (4/5) D:14
  Crypt (0/3) Vaults:3     Depths (3/4) D:15        Ossuary (visited)
Volcano (visited)         Desolation (visited)

Altars:
Dithmenos
Gozag
Kikubaaqudgha
Makhleb
Okawaru
Yredelemnul
Zin
The Shining One
Jiyva
Lugonu

Shops:
D:10 [   D:11 ?   D:15 *   Orc:2 [:*(   Elf:1 !   Elf:3 =   Snake:2 ?=
Snake:3 :   Snake:4 [*?   Vaults:1 [   Vaults:4 :!***   Depths:3 =:=:

Portals:
Hell: Depths:1 Depths:2 Depths:3
Abyss: Depths:1 Depths:2 Depths:3
Pandemonium: Depths:2
Ziggurat: Depths:2

Annotations:
D:3 1 runed translucent door, Crazy Yiuf
Snake:2 exclusion: downstairs
Snake:3 exclusion: downstairs
Elf:2 3 runed translucent doors
Elf:3 2 exclusions


Innate Abilities, Weirdness & Mutations

You are small and have problems with some larger weapons.
You are completely attuned to the shadows.
You are partially covered in iridescent scales. (AC +2)
You are robust. (+10% HP)
You passively dampen the noise of your surroundings.


Message History

You block the deep elf blademaster's attack.
The deep elf annihilator points at you and mumbles some strange words.
The entropic shot misses you.
You are too injured to fight recklessly!
Casting: Cause Fear (safe; 1% risk of failure)
Press: ? - help, Q - select action, (/) - cycle Dir - look around, f - activate The deep elf annihilator easily resists.
The deep elf blademaster resists with almost no effort.
The deep elf high priest looks frightened!
You feel very sick.
You block the deep elf blademaster's attack.
The deep elf blademaster hits you with a +0 rapier!
* * * LOW HITPOINT WARNING * * *
You emit a cloud of dark smoke.
You block the deep elf annihilator's attack.
The deep elf blademaster hits you with a +0 rapier.
* * * LOW HITPOINT WARNING * * *
The deep elf blademaster misses you.
You feel much better.
You feel sick.
You block the deep elf blademaster's attack.
The deep elf blademaster completely misses you.
The deep elf annihilator points at you and mumbles some strange words.
The entropic shot misses you.
You feel sick.
The deep elf annihilator gestures wildly while chanting.
You block the deep elf blademaster's attack. x2
You hit the deep elf blademaster but do no damage. x2
The deep elf blademaster is heavily wounded.
Your shadow hits the deep elf blademaster with a quick blade. x2
You feel sick.
The deep elf blademaster completely misses you.
The deep elf blademaster hits you with a +0 rapier.
* * * LOW HITPOINT WARNING * * *
You hit the deep elf blademaster but do no damage. x2
The deep elf blademaster is severely wounded.
You feel sick.
The deep elf blademaster hits you but does no damage.
The deep elf blademaster completely misses you.
Unknown command.
You hit the deep elf blademaster but do no damage. x2
The deep elf blademaster is severely wounded.
Casting: Cause Fear (safe; 1% risk of failure)
Confirm with . or Enter, or press ? or * to list all spells.
Aiming: Yara's Violent Unravelling (dangerous; 10% risk of failure)
Press: ? - help, Dir - move target, f - deep elf annihilator
Aim: a deep elf annihilator, wielding a +0 short sword and wearing a +0 leather armour (black smoke, spells empowered, chance to confuse on hit: 6%, umbra)
Okay, then.
Press: ? - help, v - describe, . - travel
Here: a deep elf annihilator, wielding a +0 short sword and wearing a +0 leather armour (black smoke, spells empowered, chance to confuse on hit: 6%, umbra)
The floor, spattered with blood.
Casting: Yara's Violent Unravelling (dangerous; 10% risk of failure)
Confirm with . or Enter, or press ? or * to list all spells.
Aiming: Tukima's Dance (safe; 1% risk of failure)
Press: ? - help, Shift-Dir - straight line, f - deep elf annihilator
Aim: a deep elf annihilator, wielding a +0 short sword and wearing a +0 leather armour (black smoke, spells empowered, chance to confuse on hit: 6%, umbra, chance to affect: 6%)
Okay, then.
Okay, then.
You open the lid... ...and a mature batweird beast flies out!
The box is emptied!
You radiate an aura of cold.
The deep elf annihilator resists.
The deep elf blademaster resists.
Your mature batweird beast resists.
You feel sick.
The deep elf annihilator seems less brilliant.
You feel sick.
You hear a shout!
You hit the deep elf annihilator but do no damage. x2
You feel sick.
The deep elf annihilator casts a spell at you.
The entropic shot misses you.
You hit the deep elf annihilator but do no damage. x2
You feel sick.
The deep elf annihilator hits you with a +0 short sword.
* * * LOW HITPOINT WARNING * * *
Casting: Tukima's Dance (safe; 1% risk of failure)
Confirm with . or Enter, or press ? or * to list all spells.
Okay, then.
As you read the scroll of teleportation, it crumbles to dust.
You feel strangely unstable.
You feel sick.
You are no longer poisoned.
The deep elf annihilator casts a spell at you.
The entropic shot misses you.
You hit the deep elf annihilator but do no damage.
You closely miss the deep elf annihilator.
Your shadow hits the deep elf annihilator but does no damage.
Your shadow hits the deep elf annihilator with a quick blade.
You hear a shout! x2
You hit the deep elf annihilator but do no damage. x2
The deep elf annihilator is lightly wounded.
Your shadow hits the deep elf annihilator with a quick blade. x2
You hear a shout!
You block the deep elf annihilator's attack.
You closely miss the deep elf annihilator.
You hit the deep elf annihilator but do no damage.
The deep elf annihilator is lightly wounded.
Your shadow hits the deep elf annihilator with a quick blade.
Your shadow hits the deep elf annihilator but does no damage.
The deep elf annihilator gestures at you while chanting.
The crystal spear hits you!!!
You die...

#### ...# .⌠..
#######)...
####e§...e....
#§Hee###......
#e##§§........
#e########.... .. #@#
.⌠.. . ##### #§# #.
###)..### #§# #.
#.......# ###.## #.
#.......###....## #.
#...............# #.
#.......####.########
### #.......#
#.#####..#. #..
#.......#
#.#..........# #..


You could see a deep elf blademaster (misshapen) and a deep elf annihilator.

Vanquished Creatures
  Josephina (Depths:2)
  Saint Roka (Orc:2)
  Vashnia (Snake:3)
  A golden dragon (Depths:3)
  A profane servitor (Abyss:2)
  Norris (Vaults:4)
  Jorgrun (D:12)
  2 liches (Depths:2)
  Asterion (Depths:2)
  The ghost of epsilonplus the Grappler, an adept TrFi of Okawaru (Depths:1)
  Gastronok (Lair:1)
  3 thorn hunters
  4 sphinxes
  Kirke (D:12)
  2 tengu reavers
  Aizul (Snake:1)
  Donald (Vaults:1)
  A revenant (Abyss:3)
  5 nagarajas (Snake:4)
  5 fire giants
  2 imperial myrmidons (Desolation)
  2 iron dragons (Depths:3)
  4 frost giants
  A deep elf sorcerer (Depths:3)
  7 vault wardens
  4 orc warlords
  Louise (Snake:3)
  3 ghouls
  A deep elf elementalist (Elf:1)
  6 ironbound thunderhulks
  3 formless jellyfish
  13 ironbound preservers
  17 stone giants
  13 very ugly things
  4 eleionomae
  6 dire elephants
  A deep elf annihilator (Depths:3)
  4 bunyips
  Snorg (Lair:5)
  3 deep elf demonologists
  2 spark wasps (Depths:2)
  5 ettins
  8 crystal guardians
  2 deep elf death magi
  3 jiangshi (Depths:3)
  2 great orbs of eyes (Vaults:4)
  6 ragged hierophants (Desolation)
  A deep elf high priest (Vaults:3)
  A shambling mangrove (Swamp:3)
  2 entropy weavers
  2 fire dragons (Depths:2)
  13 servants of whispers (Desolation)
  8 yaktaur captains
  9 vault guards
  5 rakshasas
  4 salamander tyrants (Snake:4)
  12 peacekeepers
  25 hydras
  5 ice dragons
  22 centaur warriors
  2 juggernaut simulacra (Depths:2)
  2 ghost crabs
  3 spriggan air magi (Depths:3)
  14 anacondas
  13 dancing weapons
  16 ironbound frosthearts
  A two-headed ogre (D:10)
  7 boulder beetles
  7 deep troll earth magi
  4 alligators
  15 naga sharpshooters
  2 orc high priests
  6 tengu warriors
  3 spriggan berserkers
  6 deep troll shamans
  22 naga warriors
  2 thrashing horrors (Abyss:2)
  A vampire mage (Depths:3)
  7 shock serpents
  Sonja (Lair:5)
  11 deep elf knights
  7 hell knights
  A wretched star (Abyss:2)
  3 skysharks (Vaults:4)
  21 spriggans
  5 salamander mystics
  6 goliath frogs
  3 iron trolls
  71 deep trolls
  A spriggan druid (Swamp:2)
  6 glowing orange brains
  10 swamp dragons
  21 ironbound convokers
  5 naga ritualists
  3 flayed ghosts
  15 bog bodies
  13 deep elf archers
  20 wizards
  26 deep elf pyromancers
  2 lindwurms
  14 starcursed masses
  6 necromancers
  6 orc sorcerers
  20 ugly things
  26 deep elf zephyrmancers
  10 orc knights
  2 mana vipers (Snake:3)
  A phantasmal warrior (Vaults:2)
  3 harpies (Vaults:4)
  2 manticores
  4 worldbinders
  9 cyclopes
  4 will-o-the-wisps
  9 salamanders
  12 naga magi
  7 smoke demons
  37 black mambas
  9 guardian serpents
  23 vault sentinels
  Joseph (Lair:1)
  A stone giant skeleton (Vaults:4)
  An apocalypse crab (Abyss:2)
  2 orange demons
  A torpor snail (Lair:2)
  15 elephants
  A molten gargoyle (Desolation)
  16 cane toads
  A spark wasp simulacrum (Depths:2)
  3 rime drakes (Lair:2)
  2 kobold demonologists
  10 komodo dragons
  A golden dragon simulacrum (Depths:1)
  A freezing wraith (D:15)
  27 yaktaurs
  5 tengu conjurers
  8 trolls
  2 ancient zymes (Abyss:2)
  5 hellwings
  11 polar bears
  9 hornets
  A bloated husk (Swamp:1)
  A raiju (shapeshifter) (Elf:2)
  22 blink frogs
  9 tyrant leeches
  64 saltlings (Desolation)
  7 raiju (Abyss:2)
  2 iron dragon simulacra
  44 slime creatures
  A deep troll skeleton (Vaults:4)
  An air elemental (Elf:1)
  An ettin skeleton (Depths:1)
  A jumping spider (Vaults:3)
  A centaur simulacrum (D:14)
  4 wyverns
  6 water elementals
  5 wraiths
  A vampire (D:10)
  5 large abominations
  A fire elemental (Elf:2)
  4 steam dragons
  A golden eye (Abyss:3)
  3 basilisks
  62 yaks
  10 redbacks
  2 chaos spawn
  10 small abominations
  17 swamp worms
  13 vampire mosquitoes
  Menkaure (D:4)
  5 wargs
  40 nagas
  3 acid dragons
  22 water moccasins
  A floating eye (Depths:1)
  24 orc warriors
  9 swamp drakes
  6 black bears
  An ice beast (D:7)
  2 sky beasts
  A hornet zombie (D:6)
  7 boggarts
  20 wolves
  11 ogres
  15 centaurs
  A phantom (D:4)
  4 kobold brigands
  5 elf zombies
  A wyvern zombie (D:6)
  5 necrophages
  A gnoll sergeant (D:10)
  12 bullfrogs
  4 scorpions
  2 earth elementals
  A wight (D:6)
  8 electric eels
  8 howler monkeys
  A bullfrog zombie (D:6)
  A human simulacrum (Vaults:4)
  2 jellies
  3 gnoll boudas
  3 hounds
  A human zombie (D:6)
  17 orc priests
  Ijyb (D:4)
  5 iguanas
  22 orc wizards
  A sleepcap (D:7)
  2 killer bee zombies (D:6)
  3 hound zombies (Ossuary)
  6 mummies
  15 gnolls
  7 adders
  2 shadow imps (D:6)
  A white imp (D:7)
  4 adder zombies (Ossuary)
  A worm (D:3)
  2 dart slugs
  66 orcs
  7 bats
  7 endoplasms
  4 giant cockroaches
  A gnoll zombie (Ossuary)
  10 goblins
  4 hobgoblins
  3 quokkas
  3 ball pythons
  3 frilled lizards
  2 goblin zombies (Ossuary)
  3 hobgoblin zombies (Ossuary)
  5 jackal zombies (Ossuary)
  19 kobolds
  5 kobold zombies (Ossuary)
  3 orc zombies (Ossuary)
  4 quokka zombies (Ossuary)
  7 rats
  A rat zombie (Ossuary)
1755 creatures vanquished.

Vanquished Creatures (collateral kills)
  the Lernaean hydra (Swamp:4)
1 creature vanquished.

Vanquished Creatures (others)
  A yaktaur captain (Vaults:1)
  A bloated husk (Swamp:3)
  3 dancing weapons (Vaults:4)
  4 foxfires (Swamp:2)
  A lurking horror (Abyss:2)
  2 starspawn tentacles (Abyss:2)
12 creatures vanquished.

Grand Total: 1768 creatures vanquished

Notes
Turn   | Place    | Note
-------+----------+-------------------------------------------
     0 | D:1      | GloriousHammer the Kobold Enchanter began the quest for the
                  | Orb.
     0 | D:1      | Reached XP level 1. HP: 10/10 MP: 3/3
    62 | D:1      | Reached XP level 2. HP: 13/15 MP: 5/5
   550 | D:1      | Reached skill level 5 in Stealth
   590 | D:1      | Reached XP level 3. HP: 19/19 MP: 6/6
  1461 | D:2      | Reached XP level 4. HP: 23/24 MP: 7/7
  2260 | D:2      | Reached XP level 5. HP: 28/28 MP: 8/8
  2731 | D:3      | Found a runed translucent door.
  2734 | D:3      | Noticed Crazy Yiuf
  3167 | D:3      | Found a glowing silver altar of Zin.
  3637 | D:4      | Reached XP level 6. HP: 32/32 MP: 9/9
  3931 | D:4      | Noticed Ijyb
  3935 | D:4      | Killed Ijyb
  3965 | D:4      | Found a sand-covered staircase.
  3971 | Ossuary  | Entered an ossuary
  4174 | Ossuary  | Reached skill level 5 in Short Blades
  4529 | Ossuary  | Reached XP level 7. HP: 7/36 MP: 10/10
  4741 | Ossuary  | Learned a level 3 spell: Confusing Touch
  4745 | Ossuary  | Learned a level 3 spell: Tukima's Dance
  4749 | Ossuary  | Learned a level 3 spell: Dazzling Flash
  5652 | D:4      | Noticed Menkaure
  5702 | D:4      | Killed Menkaure
  5703 | D:4      | Reached XP level 8. HP: 41/41 MP: 12/12
  6085 | D:5      | Entered Level 5 of the Dungeon
  6273 | D:5      | Reached skill level 5 in Hexes
  6281 | D:5      | Found a shadowy altar of Dithmenos.
  6319 | D:5      | Became a worshipper of Dithmenos the Shadowed
  6852 | D:5      | Found a glowing golden altar of the Shining One.
  7132 | D:5      | Learned a level 2 spell: Ensorcelled Hibernation
  7250 | D:6      | Found an ancient bone altar of Kikubaaqudgha.
  7294 | D:6      | Reached skill level 1 in Fighting
  7294 | D:6      | Reached skill level 1 in Invocations
  7311 | D:6      | Gained mutation: Armour fits poorly on your strangely
                  | shaped body. [potion of mutation]
  7311 | D:6      | Gained mutation: You sometimes lose your temper in combat.
                  | [potion of mutation]
  7311 | D:6      | Gained mutation: Your muscles are strong. (Str +4, Int/Dex
                  | -1) [potion of mutation]
  7770 | D:6      | Reached XP level 9. HP: 47/47 MP: 9/13
  7775 | D:6      | Reached skill level 1 in Ice Magic
  7778 | D:6      | Reached skill level 3 in Dodging
  7839 | D:6      | Lost mutation: Armour fits poorly on your strangely shaped
                  | body. [potion of mutation]
  7839 | D:6      | Lost mutation: You sometimes lose your temper in combat.
                  | [potion of mutation]
  7839 | D:6      | Lost mutation: Your muscles are strong. (Str +4, Int/Dex
                  | -1) [potion of mutation]
  7839 | D:6      | Gained mutation: You passively dampen the noise of your
                  | surroundings. [potion of mutation]
  7839 | D:6      | Gained mutation: You are partially covered in iridescent
                  | scales. (AC +2) [potion of mutation]
  7839 | D:6      | Gained mutation: You are robust. (+10% HP) [potion of
                  | mutation]
  8201 | D:6      | Reached * piety under Dithmenos
  8404 | D:6      | Reached skill level 10 in Stealth
  8773 | D:7      | Found a staircase to the Ecumenical Temple.
  8884 | D:7      | Reached skill level 4 in Dodging
  9004 | D:7      | Reached ** piety under Dithmenos
  9434 | D:8      | Reached XP level 10. HP: 61/61 MP: 8/14
  9661 | D:8      | Reached skill level 5 in Dodging
  9913 | D:8      | Found a staircase to the Lair.
 10156 | D:8      | Noticed a komodo dragon
 10165 | D:8      | Killed a komodo dragon
 10254 | D:8      | Reached skill level 6 in Dodging
 10629 | D:8      | Reached skill level 5 in Invocations
 10636 | D:8      | Reached skill level 5 in Fighting
 10924 | D:8      | Found a burning altar of Makhleb.
 11303 | D:9      | Reached skill level 1 in Conjurations
 11313 | D:9      | Reached XP level 11. HP: 70/70 MP: 6/15
 11529 | D:9      | Reached *** piety under Dithmenos
 12421 | D:10     | Entered Level 10 of the Dungeon
 12426 | D:10     | Reached skill level 10 in Short Blades
 12506 | Lair:1   | Entered Level 1 of the Lair of Beasts
 12509 | Lair:1   | Reached skill level 7 in Dodging
 12652 | Lair:1   | Noticed Joseph
 12656 | Lair:1   | Killed Joseph
 12719 | Lair:1   | Identified the +1 war axe of Befext {speed, Str+5 Int+5
                  | Stlth-}
 12750 | Lair:1   | Reached skill level 8 in Dodging
 13333 | Lair:1   | Reached XP level 12. HP: 80/80 MP: 12/16
 13397 | Lair:1   | Reached **** piety under Dithmenos
 13398 | Lair:1   | Reached skill level 9 in Dodging
 13403 | Lair:1   | Noticed Gastronok
 13407 | Lair:1   | Killed Gastronok
 13968 | Lair:2   | Noticed an eight-headed hydra
 13971 | Lair:2   | Killed an eight-headed hydra
 13984 | Lair:2   | Reached skill level 10 in Dodging
 14397 | Lair:2   | Reached skill level 15 in Stealth
 14579 | Lair:2   | Reached skill level 11 in Dodging
 14601 | Lair:2   | Reached XP level 13. HP: 78/90 MP: 3/17
 14625 | Lair:2   | Reached skill level 10 in Fighting
 14809 | Lair:2   | Noticed a four-headed hydra
 14829 | Lair:2   | Killed a four-headed hydra
 14869 | Lair:2   | HP: 3/91 [komodo dragon (17)]
 15068 | Lair:2   | Reached ***** piety under Dithmenos
 15144 | Lair:2   | Reached skill level 12 in Dodging
 15627 | Lair:2   | Found a staircase to the Swamp.
 16077 | Lair:3   | Found a staircase to the Snake Pit.
 16476 | Lair:3   | Noticed an eight-headed hydra
 16480 | Lair:3   | Killed an eight-headed hydra
 16607 | Lair:3   | Reached skill level 13 in Dodging
 16786 | Lair:3   | Noticed a five-headed hydra
 16789 | Lair:3   | Killed a five-headed hydra
 16790 | Lair:3   | Reached XP level 14. HP: 101/101 MP: 18/18
 17470 | Lair:4   | Found a dark tunnel.
 17474 | Volcano  | Entered a volcano
 17538 | Volcano  | Reached skill level 1 in Evocations
 18614 | Lair:5   | Entered Level 5 of the Lair of Beasts
 18643 | Lair:5   | Identified the +2 battleaxe "Bugimiz" {heavy, Fly rPois
                  | Will+ rCorr Dex-2}
 18706 | Lair:5   | Found a staircase to the Slime Pits.
 18707 | Lair:5   | Found a viscous altar of Jiyva.
 18891 | Lair:5   | Reached skill level 14 in Dodging
 18955 | Lair:5   | Reached ****** piety under Dithmenos
 19671 | Lair:5   | Noticed Snorg
 19675 | Lair:5   | Killed Snorg
 19724 | Lair:5   | Noticed Sonja
 19728 | Lair:5   | Killed Sonja
 19729 | Lair:5   | Reached XP level 15. HP: 107/107 MP: 20/20
 20947 | D:10     | Found Qeluucs's Antique Armour Boutique.
 21080 | D:10     | Found an opulent altar of Gozag.
 21569 | D:11     | Found Imuerinn's Magic Scroll Shoppe.
 21574 | D:11     | Bought a scroll of identify for 26 gold pieces
 21574 | D:11     | Bought a scroll of identify for 26 gold pieces
 21574 | D:11     | Bought a scroll of summoning for 123 gold pieces
 21868 | D:11     | Reached skill level 15 in Dodging
 22524 | D:12     | Found a staircase to the Orcish Mines.
 22733 | D:12     | Noticed Jorgrun
 22737 | D:12     | Killed Jorgrun
 22799 | D:12     | Noticed Kirke
 22803 | D:12     | Killed Kirke
 23343 | Orc:1    | Entered Level 1 of the Orcish Mines
 24213 | Orc:2    | Entered Level 2 of the Orcish Mines
 24395 | Orc:2    | Upgraded the game from 0.31-a0-486-g8d68a81214 to
                  | 0.31-a0-496-g6f97920a28
 24466 | Orc:2    | Noticed Saint Roka
 25165 | Orc:2    | Reached skill level 1 in Throwing
 25641 | Orc:2    | Killed Saint Roka
 25761 | Orc:2    | Found a staircase to the Elven Halls.
 25903 | Orc:2    | Found Popsun Ontit's Antique Armour Boutique.
 25944 | Orc:2    | Found Daump's General Store.
 25960 | Orc:2    | Bought a scroll of immolation for 44 gold pieces
 25973 | Orc:2    | Found Nonid's Book Boutique.
 25997 | Orc:2    | Found Eladoipn's Antique Weapon Boutique.
 26103 | Orc:2    | Learned a level 4 spell: Leda's Liquefaction
 26176 | Orc:1    | Noticed an orc warlord
 26186 | Orc:1    | Killed an orc warlord
 26187 | Orc:1    | Reached XP level 16. HP: 102/116 MP: 17/23
 26468 | Orc:2    | Bought a pair of glowing gloves for 240 gold pieces
 27300 | Orc:2    | Bought a manual of Shields for 1200 gold pieces
 27300 | Orc:2    | Bought a book of Burglary for 300 gold pieces
 27487 | D:13     | Reached skill level 1 in Earth Magic
 27778 | D:13     | Reached skill level 1 in Shields
 28943 | D:14     | Found a gate to the Vaults.
 29192 | D:15     | Entered Level 15 of the Dungeon
 29369 | D:15     | Found a staircase to the Depths.
 29411 | D:15     | Reached skill level 10 in Invocations
 29732 | D:15     | Found Reomnito's Assorted Antiques.
 29738 | D:15     | Bought a small gilded ring for 180 gold pieces
 29970 | D:15     | Learned a level 3 spell: Swiftness
 29975 | D:15     | Learned a level 4 spell: Cause Fear
 29978 | D:15     | Learned a level 2 spell: Passwall
 30216 | Snake:1  | Entered Level 1 of the Snake Pit
 30219 | Snake:1  | Reached skill level 16 in Dodging
 30471 | Snake:1  | Identified the +3 rapier "Conservator" {venom, rPois Dex+4}
 30641 | Snake:1  | Noticed Aizul
 30670 | Snake:1  | Killed Aizul
 30671 | Snake:1  | Reached skill level 1 in Transmutations
 30671 | Snake:1  | Reached skill level 1 in Air Magic
 31032 | Snake:1  | Reached skill level 5 in Spellcasting
 31516 | Snake:2  | Reached XP level 17. HP: 122/123 MP: 24/24
 31737 | Snake:2  | Found Past's Jewellery Emporium.
 31745 | Snake:2  | Found Kaess's Magic Scroll Shoppe.
 31752 | Snake:2  | Learned a level 2 spell: Blink
 31756 | Snake:2  | Bought a scroll of enchant weapon for 97 gold pieces
 31757 | Snake:2  | Bought a scroll of identify for 26 gold pieces
 31757 | Snake:2  | Bought a scroll of identify for 26 gold pieces
 31757 | Snake:2  | Bought a scroll of identify for 26 gold pieces
 31775 | Snake:2  | Found an iron altar of Okawaru.
 32565 | Snake:2  | Reached skill level 1 in Translocations
 32681 | Snake:3  | Noticed Louise
 32683 | Snake:3  | Reached skill level 5 in Throwing
 32684 | Snake:3  | Killed Louise
 32812 | Snake:3  | Found the +4 skin of Zhor {*Englaciate rC+++ SInv}
 32964 | Snake:3  | Reached skill level 15 in Fighting
 33091 | Snake:3  | Reached skill level 5 in Shields
 33150 | Snake:3  | Found Qang's Vocational Training.
 33196 | Snake:3  | Noticed Vashnia
 33804 | Snake:3  | Killed Vashnia
 34409 | Snake:4  | Entered Level 4 of the Snake Pit
 34440 | Snake:4  | Found Roilies's General Store.
 34934 | Snake:4  | Reached XP level 18. HP: 130/130 MP: 26/26
 34935 | Snake:4  | Found Suazaol's Magic Scroll Shoppe.
 34953 | Snake:4  | Bought a scroll of teleportation for 51 gold pieces
 34953 | Snake:4  | Bought a scroll of teleportation for 51 gold pieces
 34953 | Snake:4  | Bought a scroll of blinking for 127 gold pieces
 35305 | Snake:4  | Found Peyd's Armour Shop.
 35834 | Snake:4  | Reached skill level 17 in Dodging
 35891 | Snake:4  | Reached skill level 5 in Air Magic
 36263 | Snake:4  | Got a serpentine rune of Zot
 36883 | Snake:4  | Reached skill level 10 in Hexes
 37797 | Swamp:1  | Entered Level 1 of the Swamp
 38807 | Swamp:2  | Reached skill level 5 in Evocations
 39157 | Swamp:3  | Reached XP level 19. HP: 137/137 MP: 28/28
 39226 | Swamp:3  | Identified the +1 war axe of the Gloaming {heavy, rElec
                  | Str+3 Int+2 Dex+2}
 39844 | Swamp:4  | Entered Level 4 of the Swamp
 39867 | Swamp:4  | Reached skill level 5 in Translocations
 39867 | Swamp:4  | Reached skill level 5 in Earth Magic
 40067 | Swamp:4  | Reached skill level 18 in Dodging
 41196 | Swamp:4  | Noticed the 27-headed Lernaean hydra
 41208 | Swamp:4  | Killed the 27-headed Lernaean hydra
 41228 | Swamp:4  | Got a decaying rune of Zot
 41703 | Vaults:1 | Entered Level 1 of the Vaults
 41733 | Abyss:2  | Cast into level 2 of the Abyss (a wizard)
 42022 | Abyss:2  | Found a corrupted altar of Lugonu.
 42374 | Abyss:2  | Found a corrupted altar of Lugonu.
 42536 | Vaults:1 | Escaped the Abyss
 42612 | Vaults:1 | Reached XP level 20. HP: 138/147 MP: 30/30
 43188 | Vaults:1 | Noticed Donald
 43260 | Vaults:1 | Killed Donald
 44042 | Vaults:1 | Found Akuwnuke's Antique Armour Emporium.
 44050 | Vaults:1 | Bought a glowing cloak for 240 gold pieces
 44113 | Vaults:1 | Reached skill level 19 in Dodging
 44877 | Vaults:1 | You are sucked into a shaft and drop 1 floor!
 44918 | Vaults:2 | Found a flickering gateway to a bazaar.
 44931 | Bazaar   | Entered a bazaar
 44942 | Bazaar   | Found Pacs's Magic Scroll Emporium.
 44955 | Bazaar   | Found Ykyhapiud's Antique Armour Shop.
 44962 | Bazaar   | Found Viadexae's General Store.
 44969 | Bazaar   | Found Yphuucerru's Antique Armour Shoppe.
 44998 | Bazaar   | Bought a scroll of enchant weapon for 112 gold pieces
 46178 | Vaults:2 | Noticed a Brimstone Fiend
 46179 | Abyss:2  | Cast into level 2 of the Abyss (a deep elf demonologist)
 46341 | Abyss:2  | Noticed a profane servitor
 46378 | Abyss:2  | Killed a profane servitor
 46411 | Abyss:2  | HP: 2/127 [wretched star/lance of force (7)]
 46602 | Abyss:3  | Found a corrupted altar of Lugonu.
 46683 | Abyss:3  | Reached skill level 10 in Evocations
 46713 | Abyss:3  | Reached XP level 21. HP: 148/149 MP: 26/26
 46760 | Abyss:3  | Noticed a bone dragon
 46796 | Abyss:3  | Noticed a profane servitor
 46934 | Vaults:2 | Escaped the Abyss
 46937 | Vaults:2 | Noticed a Tzitzimitl
 47867 | Snake:2  | Bought a scroll of brand weapon for 123 gold pieces
 47874 | Snake:2  | Bought a ring of willpower for 400 gold pieces
 47882 | Snake:2  | Learned a level 7 spell: Enfeeble
 48579 | Vaults:3 | Identified the staff "Spiderbane" {rC+ rN+ Int+2 Necro}
 48623 | Vaults:3 | Found a staircase to the Crypt.
 48623 | Vaults:3 | Found a basalt altar of Yredelemnul.
 48623 | Vaults:3 | Found an ancient bone altar of Kikubaaqudgha.
 49531 | Vaults:3 | Reached skill level 20 in Dodging
 49973 | Vaults:4 | Found Guho's General Store.
 49976 | Vaults:4 | Bought a +2 helmet for 346 gold pieces
 49995 | Vaults:4 | Reached skill level 10 in Spellcasting
 50004 | Vaults:4 | Found a crumbling gateway.
 50019 | Desolati | Entered the Desolation of Salt
 50131 | Desolati | Reached XP level 22. HP: 123/162 MP: 28/36
 50388 | Desolati | Identified the ring "Eblocs" {rCorr Int+4}
 50404 | Desolati | Identified the +6 chain mail of the Ditch-Digger {Dex+4}
 50531 | Desolati | Identified the amulet of Yshoaso {Spirit rPois}
 50542 | Desolati | Identified the ring "Toul" {Fly Int+6}
 50595 | Desolati | Identified the +1 whip "Weip" {heavy, rPois Stlth+}
 50595 | Desolati | Identified the ring of the Good {rF- rC+ Str+9}
 50869 | Desolati | Identified the ring of Zaten {rElec rF+ MP+9 Dex+2 Slay-2}
 50872 | Desolati | Got the Secrets of Hexes
 51389 | Vaults:4 | Found Neab's Distillery.
 51433 | Vaults:4 | Found Basuj's Assorted Antiques.
 51636 | Vaults:4 | Paralysed by a great orb of eyes for 3 turns
 52375 | Vaults:4 | Found Canyr's Assorted Antiques.
 52382 | Vaults:4 | Noticed Norris
 52429 | Vaults:4 | Killed Norris
 52495 | Vaults:4 | Bought a scroll labelled OTUCWEE VAYREFF for 23 gold pieces
 52495 | Vaults:4 | Acquired 1039 gold pieces
 52619 | Vaults:4 | Found Jiquxucw's Book Boutique.
 52893 | Vaults:4 | Reached XP level 23. HP: 106/170 MP: 31/38
 53021 | Vaults:4 | Reached skill level 10 in Shields
 53024 | Vaults:4 | Learned a level 1 spell: Apportation
 53461 | Vaults:4 | Bought a scroll of enchant weapon for 322 gold pieces
 53537 | Vaults:1 | Bought a scorched troll leather armour for 640 gold pieces
 53537 | Vaults:1 | Identified the +0 troll leather armour "Pemaicutwo" {rC++
                  | Regen+} (You bought it in a shop on level 1 of the Vaults)
 53646 | Depths:1 | Entered Level 1 of the Depths
 53678 | Depths:1 | Reached skill level 21 in Dodging
 53706 | Depths:1 | Found a gateway to Hell.
 53871 | Depths:1 | Found a runed translucent gate.
 53871 | Depths:1 | Found a runed translucent gate.
 53872 | Depths:1 | Found a runed translucent gate.
 53872 | Depths:1 | Noticed epsilonplus's ghost (adept TrFi)
 54241 | Depths:1 | Found a one-way gate to the infinite horrors of the Abyss.
 54888 | Depths:1 | Killed epsilonplus's ghost
 55091 | Vaults:4 | Bought Great Wizards, Vol. VII for 360 gold pieces
 55097 | Vaults:4 | Learned a level 5 spell: Yara's Violent Unravelling
 55102 | Vaults:4 | Learned a level 4 spell: Passage of Golubria
 55644 | Depths:2 | Found a one-way gateway to a ziggurat.
 55707 | Depths:2 | Found a one-way gate leading to the halls of Pandemonium.
 55899 | Depths:2 | Found a shadowy altar of Dithmenos.
 55924 | Depths:2 | Noticed Asterion
 55927 | Depths:2 | Killed Asterion
 55981 | Depths:2 | Identified the ring of Duschyisteu {Ice +Blink Dex+2}
 55981 | Depths:2 | Noticed Josephina
 56291 | Depths:2 | Killed Josephina
 56564 | Depths:2 | Found a corrupted altar of Lugonu.
 56896 | Depths:3 | Reached XP level 24. HP: 159/178 MP: 33/39
 57219 | Depths:3 | Noticed a golden dragon
 57737 | Depths:3 | Killed a golden dragon
 57901 | Depths:3 | Found Upneowoh's Book Emporium.
 57901 | Depths:3 | Found Cyoklerr's Book Emporium.
 57902 | Depths:3 | Found Plog's Jewellery Boutique.
 57939 | Depths:3 | Found Quddyehefa's Jewellery Shoppe.
 58625 | D:15     | Learned a level 8 spell: Discord
 58625 | D:15     | Upgraded the game from 0.31-a0-496-g6f97920a28 to
                  | 0.31-a0-507-gbafd7f5274
 58802 | Elf:1    | Entered Level 1 of the Elven Halls
 58923 | Elf:1    | Reached skill level 15 in Hexes
 59208 | Elf:1    | Found Vote's Distillery.
 59225 | Elf:1    | Reached skill level 22 in Dodging
 59722 | Elf:1    | Paralysed by an air elemental for 1 turns
 60677 | Elf:2    | Found a runed translucent gate.
 60677 | Elf:2    | Found a runed translucent gate.
 60678 | Elf:2    | Found a runed translucent gate.
 60945 | Elf:3    | Entered Level 3 of the Elven Halls
 61211 | Elf:3    | Found Kogatuo's Jewellery Emporium.
 61426 | Elf:3    | Reached XP level 25. HP: 184/184 MP: 40/40
 61497 | Elf:3    | Killed from afar by a deep elf annihilator

Illustrated notes

Levels and vault maps discovered:
D:1:      giann_horns, layout_basic
D:2:      layout_loops_ring
D:3:      layout_loops_corners, zin_treasury, uniq_crazy_yiuf_cottage
D:4:      kennysheep_six_static_rooms, layout_basic,
          lightli_ossuary_entry_decrepit_ruins, corner_web_ring, uniq_menkaure,
          uniq_ijyb
D:5:      layout_loops_corners, mainiacjoe_overflow_24_doors,
          overflow_temple_1_default
D:6:      layout_loops_cross, lemuel_mausoleum_altar_kikubaaqudgha
D:7:      layout_basic, minmay_temple_entry_sparse_star
D:8:      layout_gridville, makhleb_altar_promises_db,
          due_lair_maze_entry_diamond
D:9:      layout_basic, chequers_hall_statues_y, nicolae_zen_rock_garden
D:10:     layout_roguey, grunt_gozag_breadcrumbs, serial_shops, shop
D:11:     layout_loops_cross, serial_shops, shop, chequers_serial_rivers_micro_d
D:12:     layout_gridville, erik_orc_1, uniq_jorgrun, uniq_kirke
D:13:     layout_loops_ring
D:14:     layout_rooms, hellmonk_vaults_attempted_burglary,
          roderic_roman_lattice
D:15:     grunt_enter_depths_snipers, layout_loops_ring, serial_shops, shop
Lair:1:   layout_gridlike, serial_bayou_shore_a, grunt_megastairs_1,
          uniq_gastronok, uniq_joseph
Lair:2:   nzn_winding_woodlands_large [nzn_winding_woodlands_hourglass,
          nzn_winding_woodlands_5x15_pool,
          nzn_winding_woodlands_5x5_closed_star,
          nzn_winding_woodlands_center_lodge,
          nzn_winding_woodlands_15x15_killbox,
          nzn_winding_woodlands_center_garden,
          nzn_winding_woodlands_5x5_perimeter,
          nzn_winding_woodlands_5x15_garden, nzn_winding_woodlands_5x5_three],
          layout_big_grid, nicolae_swamp_entry_splash_gauntlet
Lair:3:   layout_small_grid, minmay_snake_entry_guardpost_large,
          serial_bayou_shore_b
Lair:4:   layout_regular_city, nicolae_volcano_entry_lava_flow,
          grunt_megastairs_2
Lair:5:   minmay_lair_end_enchanted_forest, layout_small_grid, slime_entry_1,
          uniq_sonja, uniq_snorg
Swamp:1:  layout_basic_swamp, hangedman_swamp_ruin_hall
Swamp:2:  layout_basic_swamp, evilmike_swamp_ruin_rubble_2
Swamp:3:  layout_basic_swamp, serial_swamp_ruin, evilmike_swamp_ruin_house_5,
          evilmike_swamp_ruin_rubble_1, evilmike_swamp_ruin_house_6
Swamp:4:  grunt_swamp_rune_castle, layout_basic_swamp, swamp_pool4
Snake:1:  layout_cave_pods, uniq_aizul
Snake:2:  layout_basic, basic_altar, minmay_shoptagon, grunt_megastairs_3
Snake:3:  layout_honeycomb, nicolae_shop_vocational, uniq_saint_roka,
          uniq_vashnia, uniq_louise
Snake:4:  grunt_snake_rune_serpentine_throne, layout_cave_town, serial_shops,
          shop, shop, shop
Orc:1:    layout_caves
Orc:2:    grunt_orc_cross, layout_caves, basic_altar
Elf:1:    nicolae_elf_arrival_no_cutting_in_line, layout_geoelf_diagonals,
          serial_shops, shop, hangedman_elven_crosses_minicolossus
Elf:2:    elven_hall_of_blades_hangedman_original [nooodl_blade_entry_preview],
          layout_loops_corners, corexii_hall_statues_u
Elf:3:    grunt_elf_hall_branching, layout_loops_cross, serial_shops,
          nicolae_shop_tiny_statue_garden, dreamdust_wishing_well
Vaults:1: v_alt_pattern_5, nicolae_vaults_closet_pinwheel_2,
          hangedman_vaults_impose, nicolae_vaults_offset_grid_hallway_4,
          nicolae_vaults_turnstiles, nicolae_vaults_ninety_degrees,
          nicolae_vaults_network_quinsquares
          [nicolae_vaults_network_quincunx_subvault,
          nicolae_vaults_network_quincunx_subvault,
          nicolae_vaults_network_quincunx_subvault,
          nicolae_vaults_network_quincunx_subvault], nicolae_vaults_spaceships,
          nicolae_vaults_octothorpe, v_misc_23, v_misc_13,
          ontoclasm_vaults_ring_small, nicolae_vaults_layer_cake_slice,
          nicolae_vaults_two_Ls, nicolae_vaults_tetromino_L_2,
          nicolae_vaults_tetromino_Z_2, vaults_dpeg_cross, vaults_dpeg_ring,
          nicolae_vaults_double_plus_1, nicolae_vaults_diamond_1,
          layout_vaults_big_cross, serial_shops, shop, uniq_donald
Vaults:2: v_misc_29, nicolae_vaults_tangram_2, nicolae_vaults_trapezoid_1,
          nicolae_vaults_shipping_containers_3, nicolae_vaults_two_Ls,
          ontoclasm_vaults_misaligned, nicolae_vaults_what_the_h,
          vaults_room_stairs_pillars, nicolae_vaults_sesquioval_fish,
          vaults_room_hallway, layout_vaults_omnigrid, serial_shops,
          bzr_entry_lakeside
Vaults:3: st_cross, ontoclasm_vaults_gateway, nicolae_vaults_little_squares_1,
          vaults_room_door_hall, nicolae_vaults_double_plus_1,
          vaults_room_ringed_pool, nicolae_vaults_trapezoid_2,
          minmay_crypt_entry_necro_gods, nicolae_vaults_arrows, v_misc_28,
          nicolae_vaults_little_squares_3, v_misc_26, vaults_room_hallway,
          vaults_dpeg_encased_lava, nicolae_vaults_closet_pinwheel_2,
          nicolae_vaults_bisected_exclaves, ontoclasm_vaults_claustrophobia,
          layout_vaults_omnibox
Vaults:4: portal_desolation_entry_nicolae_slug, hangedman_vaults_nodes,
          hangedman_vaults_capsules, ontoclasm_vaults_misaligned, v_rooms_5,
          nicolae_vaults_little_squares_1, st_lines, hangedman_vaults_slice,
          nicolae_vaults_little_squares_4, vaults_dpeg_diagonal, v_misc_8,
          v_misc_2, ontoclasm_vaults_hangar, nicolae_vaults_tetromino_Z_1,
          vaults_mumra_hexcomb, nicolae_vaults_house_1,
          layout_vaults_maze_bifur, serial_shops, nicolae_shop_tiny_waterfront,
          nicolae_shop_waterfront, shop, shop, nicolae_book_shop_shelving,
          uniq_norris
Depths:1: layout_roguey, hell_entry, ebering_ghost_rock_garden,
          nicolae_abyss_entry_one_way_or_another, drop_trap,
          minmay_misc_feat_plants, kennysheep_small_spiral,
          kennysheep_generic_room_6, firewood_loft
Depths:2: nicolae_cairo_tiling_large, layout_basic, enter_ziggurat_f,
          abyss_entry_flame_altar, pf_coc_iceberg, pan_entry,
          nicolae_dithmenos_the_darkroom, uniq_josephina, uniq_asterion
Depths:3: minmay_tri_stars, layout_basic, grunt_decor_fettered, abyss_entry,
          serial_shops, nicolae_shop_window_shopping, hell_entry,
          infiniplex_staircase_zigzag_1, minmay_shop_grove

Skill      XL: |  1  2  3  4  5  6  7  8  9 10 11 12 13 14 15 16 17 18 19 20 21 22 23 24 |
---------------+-------------------------------------------------------------------------+-----
Short Blades   | 2 3 4 5 6 7 8 9 10 11 13 14 | 14.0
Stealth        | 5 6 7 8 9 10 11 13 15 17 18 | 18.0
Hexes          | 4 5 7 8 9 10 11 12 13 14 16 | 16.1
Spellcasting   | 3 5 6 8 10 11 12 13 | 13.3
Fighting       | 1 3 5 7 9 12 13 14 15 16 17 18 19 20 | 20.1
Invocations    | 1 3 5 7 9 10 11 12 | 12.5
Ice Magic      | 2 |  2.0
Dodging        | 4 6 8 11 13 14 15 16 17 18 19 20 21 22 | 22.3
Conjurations   | 1 2 3 |  3.0
Evocations     | 4 5 7 10 11 12 13 14 | 14.0
Throwing       | 2 4 6 |  6.0
Earth Magic    | 3 4 5 |  5.0
Shields        | 4 6 7 9 10 11 | 11.1
Transmutations | 1 2 4 |  4.0
Air Magic      | 1 4 5 |  5.0
Translocations | 3 4 5 |  5.0

Action                     |  1- 3 |  4- 6 |  7- 9 | 10-12 | 13-15 | 16-18 | 19-21 | 22-24 | 25-27 || total
---------------------------+-------+-------+-------+-------+-------+-------+-------+-------+-------++-------
  Melee: Dagger            |    48 |   242 |   431 |   462 |  1054 |   967 |   447 |       |       ||  3651
         Punch             |     1 |     2 |     3 |    12 |    28 |     2 |       |       |       ||    48
         Quick blade       |       |       |       |       |   105 |   621 |  1761 |  2645 |    90 ||  5222
  Throw: Dart              |       |       |       |       |     4 |       |       |       |       ||     4
   Cast: Confusing Touch   |       |       |     8 |    26 |    37 |    82 |    66 |   120 |     5 ||   344
         Dazzling Flash    |       |       |     2 |    10 |    12 |    23 |    10 |     5 |       ||    62
         Ensorcelled Hiber |       |       |       |    20 |    58 |     7 |     1 |       |       ||    86
         Tukima's Dance    |       |       |       |     2 |       |       |       |    10 |       ||    12
         Leda's Liquefacti |       |       |       |       |       |       |     1 |     1 |       ||     2
         Passwall          |       |       |       |       |       |       |       |     3 |       ||     3
         Cause Fear        |       |       |       |       |       |       |       |     5 |     2 ||     7
         Yara's Violent Un |       |       |       |       |       |       |       |     1 |     1 ||     2
         Enfeeble          |       |       |       |       |       |       |       |       |     1 ||     1
 Invoke: Shadow Step       |       |       |       |       |     1 |     7 |     1 |     8 |       ||    17
         Shadow Form       |       |       |       |       |       |     1 |     1 |       |       ||     2
  Evoke: Wand              |       |       |       |     6 |       |       |     4 |       |       ||    10
         Phantom mirror    |       |       |       |       |       |     1 |     2 |     1 |       ||     4
         Box of beasts     |       |       |       |       |       |     1 |       |       |     1 ||     2
         Phial of floods   |       |       |       |       |       |     1 |       |       |       ||     1
         Condenser vane    |       |       |       |       |       |       |     1 |       |       ||     1
    Use: Potion            |       |     2 |     5 |       |     1 |     3 |       |     3 |     1 ||    15
         Scroll            |       |       |       |    12 |    12 |    20 |     8 |     9 |     1 ||    62
   Stab: Sleeping          |    17 |    35 |    46 |    47 |   156 |   134 |   156 |   210 |       ||   801
         Invisible         |       |     1 |     1 |    12 |    17 |    43 |    12 |     8 |     3 ||    97
         Confused          |       |       |     6 |    23 |    42 |    73 |    70 |   122 |     1 ||   337
         Distracted        |       |       |     3 |     4 |    17 |    16 |    16 |    17 |       ||    73
 Armour: Robe              |     2 |    11 |       |       |       |       |       |       |       ||    13
         Leather armour    |       |    24 |    31 |    28 |    66 |     8 |       |       |       ||   157
         Troll leather arm |       |       |       |       |       |    21 |       |       |       ||    21
         Animal skin       |       |       |       |       |       |    28 |   158 |   182 |    18 ||   386
  Dodge: Dodged            |    21 |   113 |   138 |   231 |   772 |   910 |  1190 |  1277 |    31 ||  4683
         Repelled          |       |       |       |       |     7 |    28 |     3 |       |       ||    38
  Block: Buckler           |       |       |       |       |       |   219 |   266 |       |       ||   485
         Kite shield       |       |       |       |       |       |       |   273 |  1040 |    39 ||  1352

Table legend: (Time is in decaauts)
 A = Elapsed time spent in this place.
 B = Non-inter-level travel time spent in this place.
 C = Inter-level travel time spent in this place.
 D = Time resting spent in this place.
 E = Time spent auto-exploring this place.
 F = Levels seen in this place.
 G = Mean time per level.
                   A        B        C        D        E       F      G
               +--------+--------+--------+--------+--------+-----+--------+
         Total |  58672 |  53462 |   5210 |   9272 |  31015 |  47 | 1248.3 |
       Dungeon |  17013 |  14667 |   2346 |   1347 |  11109 |  15 | 1134.2 |
          Lair |   8181 |   7263 |    918 |   1311 |   4537 |   5 | 1636.2 |
         Swamp |   3443 |   3308 |    135 |    694 |   1728 |   4 |  860.8 |
     Snake Pit |   7258 |   6796 |    462 |   1799 |   3356 |   4 | 1814.5 |
  Orcish Mines |   3030 |   2779 |    251 |   1182 |    832 |   2 | 1515.0 |
   Elven Halls |   2614 |   2482 |    132 |     44 |   1709 |   3 |  871.3 |
        Vaults |   8020 |   7256 |    764 |    797 |   4556 |   4 | 2005.0 |
        Depths |   4478 |   4281 |    197 |    856 |   2281 |   3 | 1492.7 |
         Abyss |   1403 |   1403 |      0 |    238 |    126 |   3 |  467.7 |
        Bazaar |     75 |     75 |      0 |      0 |     37 |   1 |   75.0 |
       Ossuary |   1521 |   1521 |      0 |    981 |    122 |   1 | 1521.0 |
       Volcano |    350 |    350 |      0 |      0 |    161 |   1 |  350.0 |
    Desolation |   1280 |   1280 |      0 |     22 |    460 |   1 | 1280.0 |
               +--------+--------+--------+--------+--------+-----+--------+

Top non-repeatable levels by time:
 Snake:4: 2925 daAuts
Vaults:1: 2468 daAuts
  Lair:2: 2431 daAuts
Vaults:4: 2115 daAuts
  Lair:5: 2039 daAuts
   Orc:2: 1986 daAuts
     D:8: 1770 daAuts
Vaults:2: 1769 daAuts
Vaults:3: 1668 daAuts
Depths:3: 1604 daAuts
 Snake:3: 1573 daAuts
 Ossuary: 1521 daAuts
Depths:2: 1514 daAuts
 Swamp:4: 1480 daAuts
     D:9: 1452 daAuts
